 Dungeon Crawl Stone Soup version 0.31-a0-1576-ga3383bade6 (webtiles) character file.

Game seed: 2145477825299057372

1457 grandjackal the Trooper (level 8, -2/64 HPs)
             Began as a Demonspawn Gladiator on Jan 4, 2024.
             Slain by an ufetubus (3 damage)
             ... on level 6 of the Dungeon.
             The game lasted 00:06:24 (5283 turns).

grandjackal the Trooper (Demonspawn Gladiator)      Turns: 5283, Time: 00:06:24

Health: -2/64      AC:  6    Str: 17    XL:     8   Next: 47%
Magic:  8/8        EV: 11    Int:  9    God:
Gold:   200        SH:  5    Dex: 14    Spells: 7/7 levels left

rFire   . . .        k - +1 flail (venom)
rCold   . . .        v - +0 buckler
rNeg    . . .        h - +0 scale mail
rPois   .            (helmet restricted)
rElec   .            (no cloak)
rCorr   .            (no gloves)
SInv    .            (no boots)
Will    .....        (no amulet) Stlth
                     (no ring)
HPRegen 0.30/turn    (no ring)
MPRegen 0.11/turn

%: no passive effects
@: no status effects
A: horns 1, powered by death 2
a: no special abilities


You were on level 6 of the Dungeon.
You visited 1 branch of the dungeon, and saw 6 of its levels.

You collected 356 gold pieces.
You spent 156 gold pieces at shops.

Inventory:

Hand Weapons
 a - a +0 war axe
 k - a +1 flail of venom (weapon)
Missiles
 d - 2 throwing nets (quivered)
 e - 12 javelins
 x - 12 poisoned darts
Armour
 h - a +0 scale mail (worn)
 v - a +0 buckler (worn)
Jewellery
 q - a ring of fire
 w - a ring of protection from fire
 E - an amulet of the acrobat
Wands
 c - a wand of mindburst (29)
 o - a wand of digging (4)
 D - a wand of acid (6)
Scrolls
 f - 2 scrolls of amnesia {unknown}
 g - a scroll of identify {unknown}
 i - 4 scrolls of noise {unknown}
 l - a scroll of revelation {unknown}
 p - 9 scrolls of teleportation
 s - 2 scrolls of poison {unknown}
 u - a scroll of blinking {unknown}
 y - 3 scrolls of enchant armour {unknown}
Potions
 b - 3 potions of brilliance {unknown}
 j - 2 potions of curing {unknown}
 m - 5 potions of degeneration {unknown}
 n - a potion of haste {unknown}
 r - a potion of invisibility {unknown}
 t - 2 potions of attraction {unknown}
 z - 2 potions of mutation {unknown}
 A - a potion of experience {unknown}
 B - a potion of ambrosia {unknown}
 C - a potion of resistance {unknown}


   Skills:
 + Level 6.0 Fighting
 + Level 5.8 Axes
 - Level 2.0 Throwing
 + Level 0.5 Armour
 - Level 5.0 Dodging
 - Level 4.1 Shields


You had 7 spell levels left.
You didn't know any spells.
Your spell library contained the following spells:

 Spells                   Type           Power      Damage    Failure   Level
 Magic Dart               Conj           0%         1d3       88%         1
 Blink                    Tloc           0%         N/A       95%         2
 Call Imp                 Summ           0%         N/A       95%         2


Dungeon Overview and Level Annotations

Branches:
Dungeon (6/15)
 Temple: D:4-7

Altars:
Ru

Shops:
D:3 ?[*?   D:5 =


Innate Abilities, Weirdness & Mutations

You have a pair of small horns on your head.
You regenerate health from kills.


Message History

* * * LOW HITPOINT WARNING * * *
Throw: 3 throwing nets
Press: ? - help, Q - select action, (/) - cycle Shift-Dir - straight line, f - ice beast
Aim: an ice beast (heavily wounded, very poisoned, 60% to hit)
You throw a throwing net. The throwing net hits the ice beast.
The ice beast is caught in the net!
The ice beast is heavily wounded.
The ufetubus hits you but does no damage. x2
The ice beast struggles against the net.
The ufetubus hits you.
* * * LOW HITPOINT WARNING * * *
You block the ufetubus's attack.
You barely miss the ice beast.
You headbutt the ice beast, but do no damage.
The ice beast is heavily wounded.
The ufetubus misses you.
The ufetubus hits you but does no damage.
The ice beast struggles against the net.
You sock the ice beast!
The ice beast is severely wounded.
The ufetubus hits you.
* * * LOW HITPOINT WARNING * * *
The ufetubus misses you. The ufetubus barely misses you.
The ufetubus misses you.
The ice beast struggles against the net.
You hit the ice beast but do no damage.
The ice beast is almost dead.
The ufetubus closely misses you.
The ufetubus hits you but does no damage.
The ice beast struggles against the net.
The ufetubus hits you.
* * * LOW HITPOINT WARNING * * *
The ufetubus barely misses you.
You hit the ice beast.
The ice beast looks even sicker.
The ice beast is almost dead.
The ufetubus misses you. x2
The ice beast struggles against the net.
The ufetubus hits you but does no damage.
The ufetubus hits you.
You die...

# .# # .# #.# #
# .# #.# # #.###
.# #.# # .[....
##.# #.# #
......##..# #.#
#### ..)....#.##
#.# ##...
..[....Y@5## #.#
##<#..
.......###.##
#.###.##.#
......# ##.##
#.........
......
##.###..##.##.#
##.#.
#....#.###.#.# #
#.
#.#.###....... .
#.....#.....[..
..
#.#####.######.#
..# ### #.#


You could see an ice beast (caught, very poisoned) and an ufetubus.

Vanquished Creatures
  4 black bears (D:5)
  An ogre (D:4)
  3 phantoms
  A bombardier beetle (D:5)
  4 hounds
  A jelly (D:5)
  3 sleepcaps
  5 iguanas (D:5)
  A gnoll bouda (D:5)
  3 orc wizards
  15 gnolls
  5 adders
  A shadow imp (D:5)
  An ufetubus (D:6)
  4 ribbon worms
  2 dart slugs
  13 orcs
  3 bats
  2 endoplasms (D:4)
  3 giant cockroaches
  9 goblins
  5 hobgoblins
  2 quokkas
  8 ball pythons
  3 frilled lizards
  9 kobolds
  4 rats
115 creatures vanquished.

Notes
Turn   | Place    | Note
-------+----------+-------------------------------------------
     0 | D:1      | grandjackal the Demonspawn Gladiator began the quest for
                  | the Orb.
     0 | D:1      | Reached XP level 1. HP: 16/16 MP: 1/1
   293 | D:1      | Gained mutation: You regenerate a little health from kills.
                  | [demonic ancestry]
   293 | D:1      | Reached XP level 2. HP: 22/22 MP: 2/2
   549 | D:1      | Found a faded altar of an unknown god.
   681 | D:1      | Reached XP level 3. HP: 11/28 MP: 3/3
   868 | D:2      | Found a sacrificial altar of Ru.
  1133 | D:2      | Noticed a phantom
  1155 | D:2      | Killed a phantom
  1156 | D:2      | Reached skill level 3 in Fighting
  1156 | D:2      | Reached XP level 4. HP: 11/35 MP: 4/4
  1264 | D:2      | Reached XP level 5. HP: 33/41 MP: 5/5
  1576 | D:3      | Found Jular's Assorted Antiques.
  1594 | D:3      | Bought an orange potion for 28 gold pieces
  1594 | D:3      | Bought a scroll labelled VOC PYF OSOMESE for 32 gold pieces
  1594 | D:3      | Bought an amethyst potion for 28 gold pieces
  1594 | D:3      | Bought a scroll labelled QORGHO IM PUNU for 32 gold pieces
  1600 | D:3      | Found Janiedd's Antique Armour Shop.
  2341 | D:3      | Found Luahuy's Magic Scroll Shop.
  2418 | D:3      | Found Utotz's Magic Scroll Shoppe.
  2423 | D:3      | Bought a scroll of teleportation for 36 gold pieces
  2709 | D:4      | Noticed an ogre
  2717 | D:4      | Killed an ogre
  2718 | D:4      | Reached skill level 1 in Shields
  2718 | D:4      | Gained mutation: You have a pair of small horns on your
                  | head. [demonic ancestry]
  2718 | D:4      | Reached XP level 6. HP: 26/48 MP: 6/6
  2817 | D:4      | Reached skill level 4 in Fighting
  3445 | D:4      | Reached XP level 7. HP: 44/55 MP: 7/7
  3716 | D:5      | Entered Level 5 of the Dungeon
  3716 | D:5      | Found Negger's Jewellery Shop.
  3948 | D:5      | Reached skill level 5 in Fighting
  3948 | D:5      | Reached skill level 5 in Axes
  3948 | D:5      | Reached skill level 5 in Dodging
  4610 | D:5      | Gained mutation: You regenerate health from kills. [demonic
                  | ancestry]
  4610 | D:5      | Reached XP level 8. HP: 62/62 MP: 8/8
  5069 | D:6      | Reached skill level 6 in Fighting
  5281 | D:6      | HP: 2/64 [ufetubus (4)]
  5283 | D:6      | Slain by an ufetubus

Illustrated notes

Levels and vault maps discovered:
D:1:      ncdulo_halloftheorcs, layout_basic,
          shapermc_ecumenical_altar_hornbeckon, minivault_4
D:2:      layout_rooms, basic_altar
D:3:      layout_basic, serial_shops, nicolae_shop_gibbet_a_chance,
          nicolae_shop_rolled_up, nicolae_shop_hallway_plus, nicolae_shop_trees
D:4:      layout_basic
D:5:      minmay_diamond_boxcup, layout_loops_ring,
          minmay_shop_enchanted_jewellery
D:6:      layout_loops_ring, chequers_temple_overflow_minitemple, uniq_edmund,
          uniq_eustachio

Skill      XL: |  1  2  3  4  5  6  7  8 |
---------------+-------------------------+-----
Throwing       | 2 |  2.0
Dodging        | 3 4 5 |  5.0
Axes           | 3 4 5 |  5.8
Fighting       | 3 4 5 6 |  6.0
Shields        | 1 2 3 4 |  4.1
Armour         | |  0.5

Action                     |  1- 3 |  4- 6 |  7- 9 || total
---------------------------+-------+-------+-------++-------
  Melee: War axe           |   121 |    57 |       ||   178
         Punch             |     1 |     3 |     1 ||     5
         Flail             |       |    96 |   139 ||   235
         Headbutt          |       |    12 |    34 ||    46
  Throw: Dart              |       |    18 |     8 ||    26
         Throwing net      |       |       |     1 ||     1
 Armour: Leather armour    |     8 |       |       ||     8
         Scale mail        |    88 |   107 |   147 ||   342
  Dodge: Dodged            |    78 |    75 |   100 ||   253
  Block: Buckler           |       |       |    30 ||    30

Table legend: (Time is in decaauts)
 A = Elapsed time spent in this place.
 B = Non-inter-level travel time spent in this place.
 C = Inter-level travel time spent in this place.
 D = Time resting spent in this place.
 E = Time spent auto-exploring this place.
 F = Levels seen in this place.
 G = Mean time per level.
                   A        B        C        D        E       F      G
               +--------+--------+--------+--------+--------+-----+--------+
         Total |   5410 |   5215 |    195 |   1057 |   3057 |   6 |  901.7 |
       Dungeon |   5410 |   5215 |    195 |   1057 |   3057 |   6 |  901.7 |
               +--------+--------+--------+--------+--------+-----+--------+

Top non-repeatable levels by time:
     D:5: 1346 daAuts
     D:3: 1034 daAuts
     D:4: 1032 daAuts
     D:2: 920 daAuts
     D:1: 822 daAuts
     D:6: 254 daAuts
